 Dungeon Crawl Stone Soup version 0.17.1-1-g73c8601 (webtiles) character file.

79 zxpr0jk the Chiller (level 4, -2/33 HPs)
             Began as a Draconian Ice Elementalist on Mar 31, 2016.
             Slain by an iguana (10 damage)
             ... on level 3 of the Dungeon.
             The game lasted 00:04:11 (2194 turns).

zxpr0jk the Chiller (Draconian Ice Elementalist)    Turns: 2194, Time: 00:04:11

Health: -2/33      AC:  5    Str: 11    XL:     4   Next: 16%
Magic:  7/7        EV: 13    Int: 15    God:
Gold:   258        SH:  0    Dex: 17    Spells: 2 memorised, 4 levels left

rFire  . . .     SeeInvis .     p - +0 short sword
rCold  . . .     Clarity  .     (armour unavailable)
rNeg   . . .     SustAt   .     (no shield)
rPois  .         Gourm    .     (helmet restricted)
rElec  .         Spirit   .     (no cloak)
rCorr  .         Warding  .     (no gloves)
rMut   .         Stasis   .     (no boots)
MR     +....                    (no amulet)
Stlth  ++........               j - ring of protection from magic
                                d - +5 ring of dexterity

@: somewhat resistant to hostile enchantments, unstealthy
A: unfitting armour, cold-blooded, AC +5
a: no special abilities


You were on level 3 of the Dungeon.
You were not hungry.

You visited 1 branch of the dungeon, and saw 3 of its levels.

You collected 258 gold pieces.

Inventory:

Hand Weapons
 p - a +0 short sword (weapon)
Missiles
 h - 7 javelins (quivered)
Armour
 i - a +0 buckler
Jewellery
 d - a +5 ring of dexterity (left hand)
 j - a ring of protection from magic (right hand)
Scrolls
 e - a scroll of identify {unknown}
 f - a scroll of enchant weapon {unknown}
 g - 2 scrolls of remove curse
 m - a scroll of fog {unknown}
 n - a scroll of amnesia {unknown}
 o - a scroll of fear {unknown}
Potions
 c - a potion of might {unknown}
 k - a potion of haste {unknown}
 l - a potion of ambrosia {unknown}
Books
 a - a book of Frost

   Spells                             Type                      Level
   a - Freeze                         Ice                          1
   b - Throw Frost                    Conjuration/Ice              2
   c - Ozocubu's Armour               Charms/Ice                   3
   d - Throw Icicle                   Conjuration/Ice              4
   e - Summon Ice Beast               Ice/Summoning                4
   f - Condensation Shield            Ice                          4
Comestibles
 b - 4 chunks of flesh


   Skills:
 - Level 2.1 Dodging
 - Level 2.2 Stealth
 + Level 2.6 Spellcasting
   Level 1.0 Conjurations
 + Level 0.8 Charms
 * Level 3.9 Ice Magic


You had 4 spell levels left.
You knew the following spells:

 Your Spells              Type           Power        Failure   Level  Hunger
a - Freeze                Ice            ##..         4%          1    #......
b - Ozocubu's Armour      Chrm/Ice       #.......     24%         3    ###....


Dungeon Overview and Level Annotations

Branches:
Dungeon (3/15)

Altars:


Innate Abilities, Weirdness & Mutations

Your plain brown scales are hard (AC +5).
Your body does not fit into most forms of armour.
You are cold-blooded and may be slowed by cold attacks.


Message History

The iguana is lightly wounded.
The iguana bites you but does no damage.
You hit the iguana but do no damage.
The iguana is lightly wounded.
The iguana bites you.
You completely miss the iguana.
Your tail-slap misses the iguana.
The iguana is lightly wounded.
The iguana bites you.
You barely miss the iguana.
The iguana is lightly wounded.
The iguana bites you.
You barely miss the iguana.
The iguana is lightly wounded.
The iguana closely misses you.
You hit the iguana.
The iguana is heavily wounded.
The iguana bites you!
* * * LOW HITPOINT WARNING * * *
The iguana bites you!
You die...

#. #.# ### #.##.##
#.#...#######
#............
#.....#######
######..#.###
#...........#
#l####..#.#.# #@#
#..#...####.. #.#
#...........# #.#
#...##.####.# #.#
#...##.# #.# #.#
#...##.####.# #.#
##.###.##...#
#.#####.###.##.#.#
#.................
#####.#.###.#.....


You could see an iguana.

Vanquished Creatures
  A centaur skeleton (D:3)
  2 oozes
  A worm (D:2)
  An orc (D:3)
  3 bats
  2 giant cockroaches (D:2)
  5 hobgoblins
  4 jackals (D:2)
  6 kobolds
  2 quokkas (D:3)
  4 ball pythons
  2 giant newts
  2 goblins
  4 rats
39 creatures vanquished.

Notes
Turn   | Place    | Note
--------------------------------------------------------------
     0 | D:1      | zxpr0jk the Draconian Ice Elementalist began the quest for the Orb.
     0 | D:1      | Reached XP level 1. HP: 14/14 MP: 3/3
   336 | D:1      | Reached XP level 2. HP: 14/20 MP: 1/5
  1047 | D:2      | Reached XP level 3. HP: 16/26 MP: 6/6
  1326 | D:2      | Learned a level 3 spell: Ozocubu's Armour
  1977 | D:3      | Reached XP level 4. HP: 26/33 MP: 7/7
  2194 | D:3      | Slain by an iguana

Action                   |  1- 3 |  4- 6 || total
-------------------------+-------+-------++-------
Melee: Dagger            |   109 |       ||   109
       Short sword       |     8 |    26 ||    34
Throw: Javelin           |     1 |       ||     1
 Cast: Freeze            |    15 |     1 ||    16
  Use: Scroll            |     1 |     1 ||     2
 Stab: Sleeping          |     5 |     3 ||     8
  Eat: Chunk             |     1 |       ||     1
       Bread ration      |     1 |       ||     1
